 Dungeon Crawl Stone Soup version 0.26-a0-487-gbff1e92059 (webtiles) character file.

Game seed: 15954626069557979922

1260 ANON1729 the Cudgeler (level 8, 0/83 HPs)
             Began as a Troll Berserker on Aug 2, 2020.
             Was a Priest of Trog.
             Slain by an orc warrior
             ... wielding a +0 scimitar
              (17 damage)
             ... on level 6 of the Dungeon.
             The game lasted 00:06:19 (3748 turns).

ANON1729 the Cudgeler (Troll Berserker)             Turns: 3748, Time: 00:06:20

Health: 0/83       AC: 13    Str: 27    XL:     8   Next: 27%
Magic:  7/7        EV: 11    Int:  4    God:    Trog [***...]
Gold:   161        SH:  0    Dex:  9    Spells: 7/7 levels left

rFire    . . .     SeeInvis .   a - +0 mace
rCold    . . .     Faith    .   (no shield)
rNeg     . . .     Spirit   .   y - +2 robe
rPois    .         Reflect  .   (helmet restricted)
rElec    .         Harm     .   l - +0 cloak
rCorr    .                      (gloves unavailable)
MR       ++...                  (boots unavailable)
Stlth    +.........             n - amulet of the acrobat
HPRegen  1.63/turn              q - +4 ring of protection
MPRegen  0.10/turn              (no ring)

@: berserk cooldown, regenerating, slowed, very slow
A: large, unfitting armour, claws 3, regeneration 1, shaggy fur 1, tough skin 3
a: Berserk, Trog's Hand, Renounce Religion


You were on level 6 of the Dungeon.
You worshipped Trog.
Trog was most pleased with you.
You visited 1 branch of the dungeon, and saw 6 of its levels.

You collected 273 gold pieces.
You spent 112 gold pieces at shops.

Inventory:

Hand Weapons
 a - a +0 mace (weapon)
Armour
 l - a +0 cloak (worn)
 y - a +2 robe (worn)
Jewellery
 b - an uncursed ring of ice {unknown}
 n - an amulet of the acrobat (around neck)
 q - a +4 ring of protection (left claw)
Scrolls
 e - 4 scrolls of identify
 f - 3 scrolls of enchant weapon
 h - 2 scrolls of fear
 j - 2 scrolls of teleportation
 k - 3 scrolls of remove curse
 m - 2 scrolls of blinking
 r - a scroll of noise {unknown}
 t - 3 scrolls of enchant armour
 w - a scroll of immolation {unknown}
 x - a scroll of magic mapping {unknown}
 z - a scroll of holy word {unknown}
Potions
 c - a potion of lignification {unknown}
 d - 2 potions of might
 g - 2 potions of heal wounds {unknown}
 i - 2 potions of curing {unknown}
 o - a potion of resistance {unknown}
 p - a potion of magic {unknown}
 s - 3 potions of degeneration {unknown}
 u - 2 potions of brilliance {unknown}
 v - a potion of ambrosia {unknown}
 A - 2 potions of mutation {unknown}


   Skills:
 * Level 5.8 Fighting
 * Level 6.3 Maces & Flails
 + Level 4.5 Dodging


You had 7 spell levels left.
You didn't know any spells.
Your spell library was empty.

Dungeon Overview and Level Annotations

Branches:
Dungeon (6/15)
 Temple: D:4-7

Altars:
Cheibriados
Dithmenos
Hepliaklqana
Nemelex Xobeh

Shops:
D:4 [*

Annotations:
D:3 2 transporters, Askman's ghost, amateur MfGl


Innate Abilities, Weirdness & Mutations

You are too large for most types of armour.
You have claws for hands.
Your natural rate of healing is unusually fast.
You are covered in fur. (AC +1)
You have extremely tough skin. (AC +3)


Message History

The ice beast hits you but does no damage.
You hit the ice beast.
You kill the ice beast!
Trog accepts your kill.
You sock the orc warrior!
The orc warrior is moderately wounded.
The orc warrior hits you but does no damage.
You sock the orc warrior!
The orc warrior is severely wounded.
You closely miss the orc warrior.
The orc warrior is severely wounded.
You are no longer berserk.
You are exhausted.
You feel yourself slow down.
Your skin crawls.
You feel resistant to hostile enchantments.
The orc warrior hits you with a +0 scimitar!!
* * * LOW HITPOINT WARNING * * *
The orc warrior hits you with a +0 scimitar!
You die...

# #
######## #
#..o...# #
#.####.# #
#.# #o#
#o# #o#
#.#
#.########
#Y#
#o#......#
########o#
#o#@###.##
#.o.Yo...#
#.#o# #.#
#o########


#ooo# #.# #.#################.# #o#.........>.......# ##Y#.#################
...#.#...[.<# ####.#.###### #...# You could see an orc warrior, an orc priest
and an orc.

Vanquished Creatures
  Eustachio (D:5)
  An ice beast (D:6)
  A phantom (D:4)
  2 ogres
  A bullfrog (D:6)
  Blork the orc (D:4)
  2 scorpions
  A quasit (D:4)
  4 hounds
  An orc wizard (D:5)
  4 worker ants
  2 hound skeletons
  A worker ant zombie (D:5)
  11 adders
  3 gnolls (D:5)
  A shadow imp (D:5)
  An ufetubus (D:5)
  3 oozes
  A worm (D:4)
  2 dart slugs
  2 leopard geckos
  9 orcs
  3 ball pythons
  3 giant cockroaches
  5 goblins
  5 hobgoblins
  4 jackals (D:4)
  2 quokkas (D:2)
  6 bats
  2 frilled lizards (D:1)
  A jackal zombie (D:5)
  9 kobolds
  2 quokka skeletons (D:4)
  10 rats
107 creatures vanquished.

Notes
Turn   | Place    | Note
-------+----------+-------------------------------------------
     0 | D:1      | ANON1729 the Troll Berserker began the quest for the Orb.
     0 | D:1      | Reached XP level 1. HP: 22/22 MP: 0/0
   101 | D:1      | Reached XP level 2. HP: 24/29 MP: 1/1
   179 | D:1      | Reached skill level 3 in Maces & Flails
   562 | D:1      | Reached ** piety under Trog
   676 | D:2      | Reached XP level 3. HP: 33/36 MP: 2/2
   771 | D:2      | Found a snail-covered altar of Cheibriados.
  1025 | D:3      | Found a transporter.
  1032 | D:3      | Noticed Askman's ghost (amateur MfGl)
  1036 | D:3      | Found a transporter.
  1108 | D:3      | Reached XP level 4. HP: 39/45 MP: 3/3
  1464 | D:2      | Reached XP level 5. HP: 53/53 MP: 4/4
  1798 | D:2      | Reached skill level 4 in Maces & Flails
  1938 | D:2      | Found a hazy altar of Hepliaklqana.
  2037 | D:4      | Found Emasegg's Antique Armour Shop.
  2404 | D:4      | Noticed a phantom
  2413 | D:4      | Noticed an ogre
  2433 | D:4      | Killed an ogre
  2433 | D:4      | Reached XP level 6. HP: 43/62 MP: 5/5
  2696 | D:4      | Reached *** piety under Trog
  2859 | D:4      | Found Tozumn's Assorted Antiques.
  2863 | D:4      | Bought a scroll labeled FAOCIS BOSTRI for 23 gold pieces
  2863 | D:4      | Bought a scroll labeled POESIE ZORHEF for 23 gold pieces
  2863 | D:4      | Bought a scroll labeled FUTIURAT XIESK for 23 gold pieces
  2863 | D:4      | Bought a puce potion for 20 gold pieces
  2863 | D:4      | Bought a scroll labeled FIZAENU UMUOCS for 23 gold pieces
  2945 | D:4      | Noticed Blork the orc
  2959 | D:4      | Killed Blork the orc
  2959 | D:4      | Reached skill level 5 in Maces & Flails
  2959 | D:4      | Reached XP level 7. HP: 30/71 MP: 6/6
  3082 | D:5      | Entered Level 5 of the Dungeon
  3123 | D:5      | Identified the +2 robe of Ixzeum {rElec MR- Int+4}
  3215 | D:5      | Reached skill level 5 in Fighting
  3294 | D:5      | Found a sparkling altar of Nemelex Xobeh.
  3300 | D:5      | Found a shadowy altar of Dithmenos.
  3382 | D:5      | Noticed Eustachio
  3389 | D:5      | Killed Eustachio
  3389 | D:5      | Reached skill level 6 in Maces & Flails
  3389 | D:5      | Reached XP level 8. HP: 81/81 MP: 7/7
  3748 | D:6      | Slain by an orc warrior

Illustrated notes

Levels and vault maps discovered:
D:1:      dpeg_arrival_castle, layout_basic
D:2:      layout_basic, overflow_temple_1_default, cheibriados_altar_1
D:3:      cheibrodos_thug_alley, layout_basic, gammafunk_ghost_arena,
          lemuel_another_geyser
D:4:      layout_basic, serial_shops, nicolae_shop_overgrown_old_shop,
          nicolae_shop_overgrown_old_shop, uniq_blork_the_orc
D:5:      layout_rooms, grunt_temple_overflow_open,
          chequers_serial_rivers_large_a, uniq_eustachio
D:6:      layout_basic, uniq_edmund, uniq_sigmund

Skill      XL: |  1  2  3  4  5  6  7 |
---------------+----------------------+-----
Maces & Flails | 3 4 5 6 |  6.3
Fighting       | 3 4 5 |  5.8
Dodging        | 3 4 |  4.5

Action                   |  1- 3 |  4- 6 |  7- 9 || total
-------------------------+-------+-------+-------++-------
Melee: Mace              |   117 |   191 |   138 ||   446
Invok: Berserk           |       |     1 |     2 ||     3
       Trog's Hand       |       |       |     1 ||     1
  Use: Scroll            |       |     8 |       ||     8
 Stab: Sleeping          |     1 |       |       ||     1
Armor: Animal skin       |    57 |    69 |       ||   126
       Robe              |       |       |    99 ||    99
Dodge: Dodged            |    93 |   149 |   159 ||   401

Table legend: (Time is in decaauts)
 A = Elapsed time spent in this place.
 B = Non-inter-level travel time spent in this place.
 C = Inter-level travel time spent in this place.
 D = Time resting spent in this place.
 E = Time spent auto-exploring this place.
 F = Levels seen in this place.
 G = Mean time per level.
                   A        B        C        D        E       F      G
               +--------+--------+--------+--------+--------+-----+--------+
         Total |   3867 |   3709 |    158 |    437 |   2310 |   6 |  644.5 |
       Dungeon |   3867 |   3709 |    158 |    437 |   2310 |   6 |  644.5 |
               +--------+--------+--------+--------+--------+-----+--------+

Top non-repeatable levels by time:
     D:2: 1061 daAuts
     D:4: 1045 daAuts
     D:1: 695 daAuts
     D:5: 535 daAuts
     D:3: 381 daAuts
     D:6: 148 daAuts
